 Dungeon Crawl Stone Soup version 0.28.0 (webtiles) character file.

Game seed: 2564818325926372492

4377 ProzacElf the Cleaver (level 10, -1/81 HPs)
             Began as a Minotaur Berserker on Feb 17, 2022.
             Was a Priest of Trog.
             Engulfed by a steam dragon's steam (4 damage)
             ... on level 8 of the Dungeon.
             The game lasted 00:15:44 (10725 turns).

ProzacElf the Cleaver (Minotaur Berserker)         Turns: 10725, Time: 00:15:44

Health: -1/81      AC: 10    Str: 23    XL:     10   Next: 13%
Magic:  9/9        EV: 14    Int:  4    God:    Trog [***...]
Gold:   667        SH:  0    Dex: 13    Spells: 9/9 levels left

rFire   . . .      SeeInvis .   a - +5 flail (drain)
rCold   . . .      Faith    .   (no shield)
rNeg    . . .      Spirit   .   L - +0 chain mail
rPois   .          Reflect  .   (helmet restricted)
rElec   .          Harm     .   (no cloak)
rCorr   .          Rampage  .   O - +0 pair of gloves
Will    .....                   (no boots)
Stlth   ..........              (no amulet)
HPRegen 0.23/turn               K - +4 ring of evasion
MPRegen 0.11/turn               (no ring)

@: no status effects
A: horns 2, retaliatory headbutt
a: Renounce Religion, Berserk, Trog's Hand


You were on level 8 of the Dungeon.
You worshipped Trog.
Trog was most pleased with you.
You visited 2 branches of the dungeon, and saw 9 of its levels.
You also visited: Sewer and Ossuary.

You collected 667 gold pieces.

Inventory:

Hand Weapons
 a - a +5 flail of draining (weapon)
 b - a +4 flail of protection
 q - a +0 vorpal flail
 v - a +2 falchion of draining
 w - a +0 hunting sling
 H - a +4 scythe
 J - a +1 hand axe
Missiles
 c - 229 stones
 g - 3 throwing nets
 m - 19 poisoned darts (quivered)
 r - 21 arrows
 t - 16 bolts
 G - 15 sling bullets
Armour
 e - +0 acid dragon scales
 L - a +0 chain mail (worn)
 O - a +0 pair of gloves (worn)
Jewellery
 K - a +4 ring of evasion (left hand)
Wands
 d - a wand of iceblast (6)
 z - a wand of flame (8)
 A - a wand of polymorph (11)
 N - a wand of paralysis (13)
Scrolls
 n - 2 scrolls of immolation
 s - a scroll of fog {unknown}
 u - 2 scrolls of teleportation
 x - 2 scrolls of acquirement {unknown}
 y - 3 scrolls of fear {unknown}
 C - a scroll of amnesia {unknown}
 E - a scroll of torment {unknown}
Potions
 f - 3 potions of curing
 h - 2 potions of flight
 j - a potion of resistance
 k - 2 potions of heal wounds
 l - 8 potions of might
 o - 2 potions of haste
 B - a potion of cancellation
 D - 2 potions of berserk rage
 F - 2 potions of lignification
 I - a potion of ambrosia {!e}
 M - a potion of mutation


   Skills:
 - Level 5.0 Fighting
 - Level 12.0 Axes
 + Level 3.3 Armour
 - Level 5.0 Dodging
 + Level 1.3 Stealth
 + Level 8.9 Evocations


You had 9 spell levels left.
You didn't know any spells.
Your spell library was empty.

Dungeon Overview and Level Annotations

Branches:
Dungeon (8/15)             Temple (1/1) D:5           Sewer (visited)
Ossuary (visited)
   Lair: D:8-11

Altars:
Ashenzari
Cheibriados
Dithmenos
Elyvilon
Fedhas
Gozag
Hepliaklqana
Kikubaaqudgha
Makhleb
Nemelex Xobeh
Okawaru
Qazlal
Ru
Sif Muna
Trog
Uskayaw
Vehumet
Wu Jian
Xom
Yredelemnul
Zin
The Shining One

Shops:
D:6 (


Innate Abilities, Weirdness & Mutations

You have a pair of horns on your head.
You reflexively headbutt those who attack you in melee.


Message History

Tha orc hits ye but does nay damage.
Ye take 4 damage, an' haf 73/81 hp.
Ye thump tha orc!
Ye kill tha orc!
Trog accepts yer kill.
Tha steam dragon breathas steam at ye.
Tha ball o' steam hits ye!
Tha orc be 'ngulfed in a cloud o' scaldin' steam.
Tha orc dies!
Ye take 14 damage, an' haf 59/81 hp.
Tha steam dragon bites ye but does nay damage.
Tha steam dragon claws ye but does nay damage.
Ye barely miss tha steam dragon.
Ye be 'ngulfed in a cloud o' scaldin' steam.
Tha steam dragon closely misses ye.
Tha steam dragon claws ye.
Ye take 12 damage, an' haf 48/81 hp.
Ye closely miss tha orc warrior.
Tha orc warrior barely misses ye.
Tha steam dragon breathas steam at ye.
Tha ball o' steam misses ye.
Tha orc warrior blocks yer attack.
Ye be 'ngulfed in a cloud o' scaldin' steam.
Tha orc warrior hits ye wit' a +0 long sword o' freezin'.
Tha orc warrior freezes ye.
Tha steam dragon closely misses ye.
Tha steam dragon claws ye.
Ye take 6 damage, an' haf 42/81 hp.
Tha orc warrior blocks yer attack.
Ye be 'ngulfed in a cloud o' scaldin' steam.
Tha orc warrior barely misses ye.
Tha steam dragon breathas steam at ye.
Tha ball o' steam hits ye!!
* * * LOW HITPOINT WARNIN'
* * * Ye take 25 damage, an' haf 17/81 hp.
MASSIVE DAMAGE!!
Ye be too injured ta fight recklessly!
Ye be too injured ta fight recklessly!
Tha steam dragon breathas steam at ye.
Tha ball o' steam hits ye!
* * * LOW HITPOINT WARNIN'
* * * Ye take 15 damage, an' haf 3/81 hp.
Ye be 'ngulfed in a cloud o' scaldin' steam.
Ye die...

..........##....##...........
.........###....##...........
.....#...#.......#...........
......)....#.....##..........
####..).....####.###........#
#.........D..##.#.....#.####
##.......o§#.##÷.(...##.#
#.#.......§...#.....##.#
#.#.....##@..........#.# ##
####........#.#.........#.#
.#
#...........#.####......#.#
.# #.............# #......#.#
.# #..........#### ##.##..#.#
<###.........## #.###.#.#
.[†.........## #..####.#
.##........<# ##...##.##
.###........# ###.....##


You could see a steam dragon (catching breath) and an orc warrior.

Vanquished Creatures
  A cyclops (D:8)
  Maurice (D:7)
  A hornet (D:7)
  Sigmund (D:6)
  A wyvern (D:8)
  A steam dragon (D:7)
  The ghost of mortz the Firebug, an amateur DrFE (D:3)
  Edmund (D:6)
  Duvessa (D:5)
  An acid dragon (D:8)
  3 water moccasins
  An ice beast (D:4)
  An orc warrior (D:6)
  A hornet zombie (D:7)
  A black bear (D:4)
  A necrophage (D:7)
  An ogre (D:4)
  A phantom (D:5)
  A kobold brigand (Sewer)
  A scorpion (D:6)
  A water moccasin zombie (D:7)
  Dowan (D:5)
  A water moccasin skeleton (D:4)
  5 howler monkeys
  5 wights (D:7)
  2 centaur zombies
  2 jellies
  2 hounds
  2 orc priests
  A gnoll shaman (D:4)
  5 iguanas
  Jessica (D:2)
  7 orc wizards
  8 mummies (Ossuary)
  A howler monkey zombie (D:5)
  9 gnolls (D:5)
  5 adders
  3 river rats (Sewer)
  A shadow imp (D:5)
  2 white imps
  3 ufetubi
  2 worms (D:3)
  4 dart slugs
  23 orcs
  8 endoplasms
  2 giant cockroaches
  A gnoll zombie (Ossuary)
  4 goblins
  7 hobgoblins
  2 jackals (D:1)
  6 quokkas
  6 ball pythons
  4 bats
  3 frilled lizards
  2 hobgoblin zombies (Ossuary)
  19 kobolds
  3 kobold zombies (Ossuary)
  2 orc zombies (Ossuary)
  30 rats
217 creatures vanquished.

Vanquished Creatures (others)
  An orc (D:8)
  A plant (D:6)
2 creatures vanquished.

Grand Total: 219 creatures vanquished

Notes
Turn   | Place    | Note
-------+----------+-------------------------------------------
     0 | D:1      | ProzacElf the Minotaur Berserker began the quest for the
                  | Orb.
     0 | D:1      | Reached XP level 1. HP: 19/19 MP: 0/0
    99 | D:1      | Reached skill level 4 in Axes
   100 | D:1      | Reached XP level 2. HP: 15/26 MP: 1/1
  1126 | D:2      | Reached XP level 3. HP: 31/31 MP: 2/2
  1190 | D:2      | Found a faded altar of an unknown god.
  1190 | D:2      | Found a sparkling altar of Nemelex Xobeh.
  1214 | D:2      | Reached ** piety under Trog
  1252 | D:2      | Noticed Jessica
  1257 | D:2      | Killed Jessica
  1564 | D:2      | Reached XP level 4. HP: 33/39 MP: 3/3
  1655 | D:2      | Reached skill level 5 in Axes
  2030 | D:3      | Found a runed translucent gate.
  2030 | D:3      | Found a runed translucent gate.
  2030 | D:3      | Found a runed translucent gate.
  2031 | D:3      | Found an opulent altar of Gozag.
  2151 | D:3      | Found a glowing drain.
  2155 | Sewer    | Entered a sewer
  2284 | Sewer    | Reached XP level 5. HP: 36/45 MP: 4/4
  2557 | Sewer    | Reached *** piety under Trog
  2688 | Sewer    | Reached skill level 6 in Axes
  2688 | Sewer    | Reached skill level 5 in Dodging
  3081 | D:3      | Noticed mortz's ghost (amateur DrFE)
  3388 | D:3      | Found a shimmering blue altar of Sif Muna.
  3614 | D:3      | Killed mortz's ghost
  3615 | D:3      | Reached skill level 7 in Axes
  3615 | D:3      | Reached XP level 6. HP: 51/51 MP: 5/5
  3890 | D:4      | Reached skill level 8 in Axes
  4103 | D:4      | Reached XP level 7. HP: 40/57 MP: 6/6
  4492 | D:4      | Found a sparkling altar of Nemelex Xobeh.
  4514 | D:4      | Reached skill level 9 in Axes
  4743 | D:5      | Entered Level 5 of the Dungeon
  4826 | D:4      | Reached skill level 10 in Axes
  5187 | D:5      | Reached **** piety under Trog
  5197 | D:5      | Reached XP level 8. HP: 52/64 MP: 7/7
  5490 | D:5      | Noticed Dowan
  5499 | D:5      | Noticed Duvessa
  5505 | D:5      | Found a staircase to the Ecumenical Temple.
  5825 | D:5      | Reached skill level 11 in Axes
  5921 | D:5      | Killed Dowan
  5923 | D:5      | Killed Duvessa
  6056 | Temple   | Entered the Ecumenical Temple
  6513 | D:5      | Reached skill level 12 in Axes
  6880 | D:6      | Reached skill level 1 in Evocations
  6900 | D:6      | Found a sand-covered staircase.
  6904 | Ossuary  | Entered an ossuary
  7571 | D:6      | Noticed Sigmund
  7578 | D:6      | Killed Sigmund
  7579 | D:6      | Reached skill level 5 in Fighting
  7598 | D:6      | Noticed Edmund
  7605 | D:6      | Killed Edmund
  7809 | D:6      | Found Laxtumo's Weapon Shoppe.
  7997 | D:6      | Reached XP level 9. HP: 72/72 MP: 8/8
  8076 | D:6      | Found a bloodstained altar of Trog.
  8079 | D:6      | Found a shadowy altar of Dithmenos.
  8083 | D:6      | Found a burning altar of Makhleb.
  8242 | D:6      | Found a hazy altar of Hepliaklqana.
  8449 | D:7      | Reached skill level 5 in Evocations
  9574 | D:8      | Noticed Maurice
  9635 | D:7      | HP: 2/111 [something (5)]
 10196 | D:7      | Killed Maurice
 10368 | D:8      | Reached XP level 10. HP: 75/81 MP: 9/9
 10414 | D:8      | Noticed a cyclops
 10432 | D:8      | Killed a cyclops
 10433 | D:8      | Reached skill level 1 in Stealth
 10724 | D:8      | HP: 3/81 [steam dragon/ball of steam (16)]
 10725 | D:8      | Engulfed by a steam dragon's steam

Illustrated notes

Levels and vault maps discovered:
D:1:      dpeg_arrival_leaves_temple_mockup, layout_basic
D:2:      layout_basic, hellmonk_ecumenical_altar_leap_of_faith, basic_altar,
          uniq_jessica
D:3:      layout_loops_cross, lemuel_round_altar, gup_sewer_entry_spiral,
          ebering_ghost_gozag
D:4:      layout_gridville, nemelex_dance_club_becter, solitary_fountain
D:5:      layout_gridville, minmay_temple_entry_mini_moons,
          minmay_misc_feat_encased, uniq_duvessa
D:6:      layout_basic, grunt_temple_overflow_diamond,
          nicolae_hepliaklqana_hippocampus, nicolae_ossuary_entry_plus,
          serial_shops, nicolae_shop_bloodbath_and_beyond, moated_statue,
          minmay_misc_feat_secret_circle, sigmund_edmund_badplayer
D:7:      layout_basic, chequers_mini_garden
D:8:      layout_rooms, uniq_maurice
Temple:   eino_temple_scatter_basement

Skill      XL: |  1  2  3  4  5  6  7  8  9 10 |
---------------+-------------------------------+-----
Axes           | 4 5 7 8 10 12 | 12.0
Dodging        | 3 4 5 |  5.0
Fighting       | 5 |  5.0
Evocations     | 3 8 |  8.9
Armour         | 3 |  3.3
Stealth        | 1 |  1.3

Action                   |  1- 3 |  4- 6 |  7- 9 | 10-12 || total
-------------------------+-------+-------+-------+-------++-------
Melee: Hand axe          |    65 |   132 |   123 |       ||   320
       Headbutt          |    12 |    18 |    59 |     2 ||    91
       Punch             |       |     1 |     3 |       ||     4
       Flail             |       |       |   181 |    14 ||   195
       Unarmed           |       |       |    11 |       ||    11
Invok: Berserk           |       |     2 |     9 |     1 ||    12
       Trog's Hand       |       |       |     3 |     1 ||     4
Evoke: Wand              |       |       |       |     1 ||     1
  Use: Scroll            |       |     6 |     9 |     3 ||    18
       Potion            |       |       |     3 |     1 ||     4
 Stab: Paralysed         |       |       |       |     3 ||     3
Armor: Animal skin       |     2 |       |       |       ||     2
       Leather armour    |     5 |       |       |       ||     5
       Ring mail         |     4 |    41 |    47 |       ||    92
       Chain mail        |       |       |    25 |     4 ||    29
Dodge: Dodged            |    44 |    77 |   198 |     9 ||   328
